 Dungeon Crawl Stone Soup version 0.25-a0-1073-gf4359a17dd (webtiles) character file.

Game seed: 5418282847656942640, levelgen mode: deterministic

619 Flugslaktarn the Chopper (level 7, -3/64 HPs)
             Began as a Deep Dwarf Fighter on May 14, 2020.
             Engulfed by Ijyb's freezing vapour (21 damage)
             ... on level 4 of the Dungeon.
             The game lasted 00:01:01 (984 turns).

Flugslaktarn the Chopper (Deep Dwarf Fighter)        Turns: 984, Time: 00:01:02

Health: -3/64      AC:  8    Str: 20    XL:     7   Next: 21%
Magic:  7/7        EV: 11    Int:  8    God:
Gold:   59         SH: 10    Dex: 14    Spells: 6/6 levels left

rFire    . . .     SeeInvis .   a - +0 war axe
rCold    . . .     Gourm    .   c - +0 kite shield
rNeg     . . .     Faith    .   b - +0 scale mail
rPois    .         Spirit   .   j - +0 helmet
rElec    .         Reflect  .   (no cloak)
rCorr    .         Harm     .   (no gloves)
MR       +....                  (no boots)
Stlth    ..........             (no amulet)
HPRegen  0.00/turn              v - +4 ring of evasion
MPRegen  0.10/turn              (no ring)

@: mighty, lethally poisoned (-3 -> -3), non-regenerating
A: damage resistance, heal wounds, sense surroundings 1, no regeneration
a: Heal Wounds


You were on level 4 of the Dungeon.
You were hungry.

You visited 1 branch of the dungeon, and saw 4 of its levels.

You collected 59 gold pieces.

Inventory:

Hand Weapons
 a - a +0 war axe (weapon)
Armour
 b - a +0 scale mail (worn)
 c - a +0 kite shield (worn)
 j - a +0 helmet (worn)
   (You took it off Robin on level 2 of the Dungeon)
Jewellery
 v - a +4 ring of evasion (left hand)
   (You found it on level 2 of the Dungeon)
Scrolls
 f - 3 scrolls of enchant weapon {unknown}
 l - 2 scrolls of identify {unknown}
 m - a scroll of noise {unknown}
 n - a scroll of magic mapping {unknown}
Potions
 d - a potion of might
 g - a potion of mutation {unknown}
 i - 2 potions of degeneration {unknown}
 k - a potion of magic {unknown}
 o - 2 potions of brilliance {unknown}
Comestibles
 e - 6 rations


   Skills:
 + Level 4.1 Fighting
 * Level 5.8 Axes
 + Level 5.0 Armour
 + Level 5.0 Shields


You had 6 spell levels left.
You didn't know any spells.
Your spell library was empty.

Dungeon Overview and Level Annotations

Branches:
Dungeon (4/15)
 Temple: D:4-7

Altars:
Ashenzari
Kikubaaqudgha
Okawaru

Shops:
D:4 !

Annotations:
D:4 Ijyb


Innate Abilities, Weirdness & Mutations

You are resistant to damage.
You can heal yourself by infusing magical energy.
You passively map a small area around you.
You do not regenerate.


Message History

You hit Ijyb but do no damage. You block the worker ant's attack. x2
Ijyb barely misses you.
You slash the worker ant!
You kill the worker ant!
You hit Ijyb.
Ijyb screams, "You nasty!
Big nasty!"
Ijyb zaps a wand.
Ijyb creates a blast of freezing vapour!
You slash Ijyb!
Ijyb is heavily wounded.
You are engulfed in freezing vapours.
* * * LOW HITPOINT WARNING * * *
Ijyb zaps a wand.
Ijyb creates a blast of poison gas!
You are too injured to fight recklessly!
You're standing in a cloud of freezing vapour!
You are too injured to fight recklessly!
Okay, then.
You feel very mighty all of a sudden.
You are engulfed in freezing vapours.
You die...

* .## #.# #..# ,* ..#
#.# ##.# * , *#.#
#.### ♣.♣ , , #.#
#...#♣♣.♣ ,, , #####.#
#.#...... , . , ,
...#.# #.###♣♣.♣ ... *
#.#.###.### ♣)♣ ,
....§#####.........#
#.#
,,....§§§@g....###.###
#.# #...##########...#
#.. . #.### ### #.# #
*, ##.# ## * ###..##
##. * , #.(.(.# #.. *
* ##'('## ##. ## ,
##.(.## ##


You could see Ijyb.

Vanquished Creatures
  2 ogres (D:4)
  A howler monkey (D:4)
  2 hounds (D:4)
  2 jellies (D:4)
  An iguana (D:4)
  5 worker ants (D:4)
  Robin (D:2)
  4 adders
  10 oozes (D:4)
  A dart slug (D:4)
  3 leopard geckos
  An orc (D:3)
  2 bats (D:2)
  3 giant cockroaches
  9 goblins
  8 hobgoblins
  5 jackals
  A ball python (D:1)
  2 frilled lizards (D:2)
  8 kobolds
  4 rats
75 creatures vanquished.

Vanquished Creatures (others)
  2 fungi (D:4)
  9 toadstools (D:4)
11 creatures vanquished.

Grand Total: 86 creatures vanquished

Notes
Turn   | Place    | Note
-------+----------+-------------------------------------------
     0 | D:1      | Flugslaktarn the Deep Dwarf Fighter began the quest for the
                  | Orb.
     0 | D:1      | Reached XP level 1. HP: 20/20 MP: 1/1
   111 | D:1      | Reached XP level 2. HP: 25/27 MP: 2/2
   179 | D:2      | Noticed Robin
   187 | D:2      | Reached XP level 3. HP: 17/33 MP: 3/3
   192 | D:2      | Killed Robin
   396 | D:2      | You fall into a shaft and drop 1 floor!
   417 | D:3      | Reached XP level 4. HP: 42/42 MP: 4/4
   425 | D:3      | Found an iron altar of Okawaru.
   583 | D:2      | Found an ancient bone altar of Kikubaaqudgha.
   587 | D:2      | Found a shattered altar of Ashenzari.
   705 | D:4      | Found Alillar's Distillery.
   732 | D:4      | Reached XP level 5. HP: 39/49 MP: 5/5
   870 | D:4      | Reached XP level 6. HP: 36/56 MP: 6/6
   945 | D:4      | Reached skill level 5 in Axes
   959 | D:4      | Reached XP level 7. HP: 35/64 MP: 7/7
   966 | D:4      | Reached skill level 5 in Shields
   970 | D:4      | Reached skill level 5 in Armour
   976 | D:4      | Noticed Ijyb
   984 | D:4      | Engulfed by Ijyb's freezing vapour

Illustrated notes

Levels and vault maps discovered:
D:1:      dpeg_arrival_simpleton_c, layout_basic
D:2:      layout_loops_ring, lemuel_crystal_altar, ashenzari_altar_1,
          first_ration, uniq_robin
D:3:      layout_rooms, lemuel_crystal_altar, lemuel_round_altar,
          kennysheep_generic_room_14
D:4:      cheibrodos_fertilizer, layout_loops_ring, serial_shops, shop,
          nrook_campfire, minmay_tree_intersection, minmay_cut_off,
          uniq_natasha, uniq_ijyb

Skill      XL: |  1  2  3  4  5  6  7 |
---------------+----------------------+-----
Axes           | 3 4 5 |  5.8
Fighting       | 3 4 |  4.1
Armour         | 4 5 |  5.0
Shields        | 4 5 |  5.0

Action                   |  1- 3 |  4- 6 |  7- 9 || total
-------------------------+-------+-------+-------++-------
Melee: War axe           |    83 |   116 |    23 ||   222
 Abil: Heal Wounds       |     1 |     1 |       ||     2
  Use: Potion            |       |       |     1 ||     1
Armor: Scale mail        |    36 |    45 |     7 ||    88
Dodge: Dodged            |    23 |    89 |     9 ||   121
Block: Kite shield       |    38 |    70 |    11 ||   119

Table legend:
 A = Non-vault XP
 B = Vault XP
 C = Vault XP percentage of total XP
 D = Non-vault monster count
 E = Vault monster count
 F = Vault count percentage of total count
                 A         B        C        D         E       F
            +---------+---------+-------+---------+---------+-------
      Total |     679 |     206 |  23.3 |      44 |      31 |  41.3
            +---------+---------+-------+---------+---------+-------
        D:1 |      19 |       0 |   0.0 |      11 |       0 |   0.0
        D:2 |      58 |      35 |  37.6 |      14 |      11 |  44.0
        D:3 |      27 |       0 |   0.0 |       7 |       0 |   0.0
        D:4 |     575 |     171 |  22.9 |      12 |      20 |  62.5
            +---------+---------+-------+---------+---------+-------
